woodfighter, neutral female human Healer ----- #-...| ---------------- ---------------- ###|...|##########################|..{....<......| |.........a....| # |...-## |..............| |.....$..@a....-### |...|## |...........)..| |.........fa...| -----#### ------ ----|----------- --+------------- ###### # |....| ## ## ###|....-###### # ### #.....| # ### ## |....| ### # --+----- ### ------ # ## |.......##################################----|----------- |......| --.--- #...............| |......-#####|....| |..............| |......| #-....| #......)*....>..| |......| |....| ###|..............| -------- |[...| # ---------------- |.....##################### ----%- # woodfighter the Empiric Experience level: 5 Strength: 10 Dexterity: 8 Constitution: 17 Intelligence: 11 Wisdom: 15 Charisma: 16 Health: 0(37) Energy: 20(29) Def: 2 Gold: 1641 Moves: 2980 Dungeon seed: WOtq3qIGX9KomEPk Game ID: woodfighter_1504816872 Your Inventory: Coins $ - 1641 gold pieces Weapons a - a +0 scalpel (weapon in hand) t - 5 cursed -2 darts M - 30 blessed +1 darts (in quiver) N - a cursed -3 dart Armor e - an uncursed +1 pair of leather gloves (being worn) n - an uncursed +0 pair of jumping boots Comestibles k - 7 blessed eucalyptus leaves l - a blessed sprig of wolfsbane m - 4 blessed cloves of garlic o - 8 uncursed apples p - 2 uncursed lichen corpses r - an uncursed sprig of wolfsbane K - 2 uncursed tripe rations Scrolls v - an uncursed scroll of genocide w - an uncursed scroll of teleportation C - an uncursed scroll of scare monster E - an uncursed scroll of remove curse F - an uncursed scroll of light I - a blessed scroll of enchant armor P - an uncursed scroll of scare monster R - 2 blessed scrolls of identify U - an uncursed scroll of enchant weapon Spellbooks Y - an uncursed spellbook of sleep Rings D - an uncursed +1 ring of stealth J - a cursed ring of teleportation T - an uncursed +2 ring of protection Wands g - a wand of sleep (0:6) B - a wand of sleep (0:6) H - a wand of enlightenment (0:15) L - a wand of secret door detection (0:12) Tools b - an uncursed stethoscope u - an uncursed leash (in use) y - an uncursed lock pick Spells and supernatural/magical abilities: Name Level Category Fail Memory h - healing 1 healing 0% 86% l - light 1 divination 13% 98% x - extra healing 3 healing 20% 86% S - stone to flesh 3 healing 35% 86% W - pray for help -- divine ? -- Your skills at the end: Miscellaneous Skills wands [Basic] Weapon Skills knife [Basic] Spellcasting Skills healing spells [Basic] Final Attributes: You were devoutly aligned. You were poison resistant. You were very stealthy. You were lucky. You are dead. Vanquished creatures: a large mimic a giant beetle a lizard a shrieker a gray ooze 4 elf zombies 2 hill orcs a rabid rat a giant bat a coyote a gas spore 2 hobbits an acid blob 3 giant rats a yellow mold 3 garter snakes 2 gnome zombies 3 jackals a kobold 5 newts 2 goblins 8 grid bugs 8 lichens a kobold zombie 55 creatures vanquished. Voluntary challenges: You did not adorn yourself with jewelry or accessories. You did not cause conflict. You were not invisible. You did not have reflection. You were not displaced. You were an atheist. You used a wielded weapon 149 times, starting on turn 31. You did not apply a unicorn horn. You did not use plumbed fixtures. You did not drink any magical draughts. You read items or engraved 1 time, starting on turn 2418. You never genocided any monsters. You never polymorphed an object. You never changed form. You used no wishes. You never split a pudding. You never wrote Elbereth's name. You never violated your personal moral code. Dungeon overview: The Dungeons of Doom: levels 1 to 8 Level 1 a fountain a long staircase Level 2 a general store Level 3 (boxes) a fountain stairs to The Gnomish Mines Level 4 Level 5 a fountain Level 6 a general store Level 7 <- You were here a fountain Level 8 The Gnomish Mines: Level 4 stairs to The Dungeons of Doom History has recorded: On T:1 you entered the Dungeons of Doom to retrieve the Amulet of Yendor! On T:111 you reached level 2 of The Dungeons of Doom. On T:358 you reached level 3 of The Dungeons of Doom. On T:525 you advanced to experience level 2. On T:728 you reached level 4 of The Dungeons of Doom. On T:781 you reached level 1 of The Gnomish Mines. On T:916 you advanced to experience level 3. On T:1469 you reached level 5 of The Dungeons of Doom. On T:1703 you reached level 6 of The Dungeons of Doom. On T:2012 you reached level 7 of The Dungeons of Doom. On T:2105 you advanced to experience level 4. On T:2264 you advanced to experience level 5. On T:2566 you reached level 8 of The Dungeons of Doom. Score breakdown: Gold: 469 ( 46 points) Experience: 5 levels ( 400 points) Exploration: 8 levels ( 210 points) Discoveries: 17 items ( 850 points) Variety of kills: 24 monsters ( 1200 points) Major goal: (nothing yet) ( 0 points) Survival: died (score multiplied by 3) Total score: 8118 Latest messages: The lizard is almost dead. Kitty bites the lizard. The lizard is killed! Kitty eats a lizard corpse. The soldier ant bites! The soldier ant stings! Kitty misses the soldier ant. Kitty bites the soldier ant. The soldier ant misses kitty. (2x) The soldier ant bites! The soldier ant stings! You feel better. The soldier ant bites! The soldier ant stings! The soldier ant's sting was poisoned, but it doesn't affect you. The soldier ant bites! The soldier ant stings! Kitty misses the soldier ant. (2x) You feel better. The soldier ant bites! The soldier ant stings! The soldier ant misses kitty. (2x) The soldier ant bites! The soldier ant stings! You die... Final status: Goodbye woodfighter the Healer, killed by a soldier ant... You died in The Dungeons of Doom on dungeon level 7 with 8118 points, and 1641 pieces of gold, after 2980 moves. You were level 5 with a maximum of 37 hit points when you died.